 Dungeon Crawl Stone Soup version 0.19-a0-1782-g81ad427 (webtiles) character file.

59 Arkorax the Cudgeler (level 3, -3/30 HPs)
             Began as a Draconian Gladiator on Oct 3, 2016.
             Killed from afar by Sigmund (4 damage)
             ... with a magic dart
             ... on level 2 of the Dungeon.
             The game lasted 00:01:33 (1501 turns).

Arkorax the Cudgeler (Draconian Gladiator)          Turns: 1501, Time: 00:01:34

Health: -3/30      AC:  5    Str: 17    XL:     3   Next: 78%
Magic:  3/3        EV: 13    Int:  8    God:
Gold:   45         SH:  0    Dex: 12    Spells: 0 memorised, 2 levels left

rFire  . . .     SeeInvis .     a - +0 flail
rCold  . . .     Gourm    .     (armour unavailable)
rNeg   . . .     Faith    .     (no shield)
rPois  .         Spirit   .     b - +0 hat
rElec  .         Dismiss  .     (no cloak)
rCorr  .         Reflect  .     (no gloves)
MR     +....     Harm     .     (no boots)
Stlth  +.........               (no amulet)
                                (no ring)
                                c - ring of protection from magic

@: no status effects
A: unfitting armour, cold-blooded, AC +5
a: no special abilities


You were on level 2 of the Dungeon.
You were very hungry.

You visited 1 branch of the dungeon, and saw 2 of its levels.

You collected 45 gold pieces.

Inventory:

Hand Weapons
 a - a +0 flail (weapon)
Missiles
 Y - a throwing net (quivered)
Armour
 b - a +0 hat (worn)
Jewellery
 c - a ring of protection from magic (left hand)
 f - an uncursed ring of fire {unknown}
 j - a cursed ring of loudness {unknown}
Scrolls
 e - 3 scrolls of remove curse {unknown}
 g - 2 scrolls of enchant armour {unknown}
 h - 2 scrolls of teleportation {unknown}
Comestibles
 d - a bread ration {!e}
 i - 5 fruits


   Skills:
 + Level 2.6 Fighting
 * Level 4.1 Maces & Flails
 - Level 1.7 Throwing
 + Level 3.1 Dodging


You had 2 spell levels left.
You didn't know any spells.

Dungeon Overview and Level Annotations

Branches:
Dungeon (2/15)

Altars:

Annotations:
D:2 Sigmund


Innate Abilities, Weirdness & Mutations

Your plain brown scales are hard. (AC +5)
You cannot fit into any form of body armour.
You are cold-blooded and may be slowed by cold attacks.


Message History

Damage: 10 (max 10)
You sock Sigmund!
Your tail-slap misses Sigmund.
Sigmund is severely wounded.
Sigmund points at you and mumbles some strange words.
The magic dart hits you!
* * * LOW HITPOINT WARNING * * *
The frilled lizard bites you.
* * * LOW HITPOINT WARNING * * *
Damage: 5 (max 10) Unknown command.
It was a potion of cancellation.
You feel magically purged. Sigmund misses you.
The frilled lizard completely misses you.
Throwing (i - inventory):
Y - 3 throwing nets (quivered)
Press: ? - help, Shift-Dir - straight line, f - Sigmund
Aim: Sigmund, wielding a scythe and wearing a robe (severely wounded)
You throw a throwing net.
The throwing net closely misses Sigmund.
The frilled lizard misses you. Sigmund misses you.
Throwing (i - inventory):
Y - 2 throwing nets (quivered)
Press: ? - help, Shift-Dir - straight line, f/p - Sigmund
Aim: Sigmund, wielding a scythe and wearing a robe (severely wounded)
You throw a throwing net. The throwing net hits Sigmund.
Sigmund is caught in the net!
Sigmund is severely wounded.
The frilled lizard barely misses you.
You hit Sigmund.
Sigmund is severely wounded.
Sigmund casts a spell at you. The puff of flame hits you!
* * * LOW HITPOINT WARNING * * *
Sigmund struggles against the net.
The frilled lizard misses you.
Damage: 8 (max 10)
You barely miss Sigmund.
Sigmund is severely wounded.
The frilled lizard closely misses you.
You hit Sigmund.
Sigmund is almost dead.
Sigmund gestures wildly while chanting.
Sigmund flickers and vanishes!
Deactivating autopickup; reactivate with Ctrl-A.
Something wriggles in the net.
The frilled lizard misses you.
You hit something. The frilled lizard barely misses you.
Something wriggles in the net.
You hit something.
You are feeling very hungry.
The frilled lizard misses you.
You hear some strange, mumbled words.
A magic dart appears from out of thin air!
The magic dart hits you!
You die...

#.##..##.# ....
#.###.##.# ..(..
#........# ......
#####.##.##......
#.##.........
##..#.........
#...#.........
#.........####
#..@†......#
#.{l.>.....#
#..........#
............#
......#.######
..(....##.#
##.#... .# #.#...
.#


You could see a frilled lizard.

Vanquished Creatures
  2 adders (D:2)
  A worm (D:2)
  A dart slug (D:1)
  3 leopard geckos
  A ball python (D:1)
  A giant cockroach (D:1)
  7 hobgoblins
  A quokka (D:2)
  5 bats
  3 goblins (D:2)
  7 kobolds
  2 rats
34 creatures vanquished.

Notes
Turn   | Place    | Note
-------+----------+-------------------------------------------
     0 | D:1      | Arkorax the Draconian Gladiator began the quest for the Orb.
     0 | D:1      | Reached XP level 1. HP: 17/17 MP: 1/1
   144 | D:1      | Reached XP level 2. HP: 10/25 MP: 2/2
   401 | D:1      | Reached skill level 3 in Dodging
   852 | D:2      | Reached XP level 3. HP: 12/30 MP: 3/3
  1066 | D:2      | Reached skill level 4 in Maces & Flails
  1486 | D:2      | Noticed Sigmund
  1493 | D:2      | HP: 9/30 [Sigmund/magic dart (4)]
  1497 | D:2      | HP: 1/30 [Sigmund/puff of flame (8)]
  1501 | D:2      | Killed from afar by Sigmund

Vault maps used:
D:1:      minmay_arrival_five_plusses, hangedman_decor_lopped,
          hangedman_decor_push
D:2:      minmay_kobold_bridge, minmay_domino_2, uniq_sigmund

Skill      XL: |  1  2  3 |
---------------+----------+-----
Dodging        | 3 |  3.1
Maces & Flails | 4 |  4.1
Fighting       | |  2.6
Throwing       | |  1.7

Action                   || total
-------------------------++-------
Melee: Flail             ||   116
       Tailslap          ||    10
Throw: Throwing net      ||     2
  Use: Potion            ||     1
 Stab: Sleeping          ||     1
  Eat: Chunk             ||     1
Armor: Skin              ||    20
Dodge: Dodged            ||    99

Table legend:
 A = Turns spent in this place as a percentage of turns spent in the entire game.
 B = Non-inter-level travel turns spent in this place as a percentage of non-inter-level travel turns spent in the entire game.
 C = Inter-level travel turns spent in this place as a percentage of turns spent in this place.
 D = Turns resting spent in this place as a percentage of non-inter-level travel turns spent in this place.
 E = Turns spent auto-exploring this place as a percentage of non-inter-level travel turns spent in this place.
 F = Non-inter-level travel turns spent in this place divided by the number of levels of this place that you've seen.
                   A       B       C       D       E      F
               +-------+-------+-------+-------+-------+----------------------
         Total | 100.0 | 100.0 |   0.2 |   2.9 |  12.1 | 206.5
       Dungeon | 100.0 | 100.0 |   0.2 |   2.9 |  12.1 | 206.5
               +-------+-------+-------+-------+-------+----------------------

Vault maps used:
D:1:      minmay_arrival_five_plusses, hangedman_decor_lopped,
          hangedman_decor_push
D:2:      minmay_kobold_bridge, minmay_domino_2, uniq_sigmund
